 Dungeon Crawl Stone Soup version 0.23.2-30-g0e89c35649 (webtiles) character file.

Game seed: 8229987360836657160

24 Pizzadoos the Caller (level 3, -3/26 HPs)
             Began as a Barachi Summoner on June 15, 2019.
             Slain by a gnoll
             ... wielding a +0 flail
              (13 damage)
             ... on level 2 of the Dungeon.
             The game lasted 00:11:33 (1782 turns).

Pizzadoos the Caller (Barachi Summoner)             Turns: 1782, Time: 00:11:34

Health: -3/26      AC:  4    Str: 10    XL:     3   Next: 2%
Magic:  3/6        EV: 12    Int: 15    God:
Gold:   8          SH:  0    Dex: 12    Spells: 3/6 levels left

rFire    + . .     SeeInvis .   n - +0 mace
rCold    x . .     Gourm    .   (no shield)
rNeg     . . .     Faith    .   q - +0 leather armour
rPois    .         Spirit   .   (no helmet)
rElec    .         Reflect  .   (no cloak)
rCorr    .         Harm     .   m - +0 pair of gloves
MR       .....                  (no boots)
Stlth    ++........             (no amulet)
HPRegen  0.08/turn              g - ring of fire
MPRegen  0.10/turn              (no ring)

@: slow
A: +LOS, swims, slowness 1, strong legs 1
a: Hop


You were on level 2 of the Dungeon.
You were hungry.

You visited 1 branch of the dungeon, and saw 2 of its levels.

You collected 8 gold pieces.

Inventory:

Hand Weapons
 n - a +0 mace (weapon)
Armour
 a - a +1 robe
 m - a +0 pair of gloves (worn)
 q - a +0 leather armour (worn)
Jewellery
 g - a ring of fire (left hand)
Scrolls
 d - 2 scrolls of random uselessness {unknown}
 e - 2 scrolls of remove curse {unknown}
 i - 3 scrolls of amnesia {unknown}
 j - a scroll of noise {unknown}
 l - a scroll of magic mapping {unknown}
 r - 3 scrolls of identify
Potions
 b - a potion of brilliance {unknown}
 f - 2 potions of curing {unknown}
 h - 2 potions of haste {unknown}
 k - a potion of agility {unknown}
 o - a potion of heal wounds {unknown}
 p - a potion of lignification {unknown}
Comestibles
 c - 3 rations


   Skills:
 + Level 1.0 Fighting
 + Level 0.8 Maces & Flails
 + Level 2.6 Dodging
 + Level 2.0 Stealth
 + Level 2.4 Spellcasting
 + Level 5.0 Summonings


You had 3 spell levels left.
You knew the following spells:

 Your Spells              Type           Power        Failure   Level  Hunger
a - Summon Small Mammal   Summ           ###.         3%          1    #......
b - Call Imp              Summ           ###.....     5%          2    ###....

Your spell library contained the following spells:

 Spells                   Type           Power        Failure   Level  Hunger
 Call Canine Familiar     Summ           ###.....     11%         3    ###....
 Summon Guardian Golem    Hex/Summ       #.......     30%         3    ###....
 Summon Ice Beast         Ice/Summ       #.......     71%         4    #####..
 Summon Lightning Spire   Summ/Air       #.......     71%         4    #####..


Dungeon Overview and Level Annotations

Branches:
Dungeon (2/15)

Altars:


Innate Abilities, Weirdness & Mutations

Shadows flee at your approach. (+LOS)
You can swim through water.
You cover ground slowly.
You can hop short distances.


Message History

Gang up on whom?
Press: ? - help, Dir - move target cursor, f/p - gnoll
Aim: a gnoll, wielding a +0 flail (almost dead, fire blocked by a translucent stone wall) There's something in the way.
Okay, then.
The gnoll hits your white imp with a +0 flail.
Your white imp dies!
The gnoll barely misses your shadow imp.
The gnoll barely misses your shadow imp.
The gnoll closely misses your shadow imp.
You hit the gnoll but do no damage.
The gnoll is almost dead.
The gnoll hits you with a +0 flail.
Your shadow imp disappears in a puff of smoke!
Casting: Call Imp (safe; 5% risk of failure)
Confirm with . or Enter, or press ? or * to list all spells.
A beastly little devil appears in a puff of flame.
The gnoll hits you with a +0 flail!
Ouch! That really hurt!
You die...

#......[######.#.##
..)............###
.........#######
...<.....# ###
...÷....## ##.##
##÷....######...##
###.........#..#.## #
##.#####>...#.#g## #
#.# #.#####@#§## #
#.# #.# ##.#.## #
#.#####†#######5#.##
#
#.......†.....##.#.#
#
####.##.######.##.#.#
# #.##.# ##.#.#
#######.##.######.
##.#.#
#.................#
#.#.#
.....##.##.........
#.#.#


You could see a gnoll and a friendly crimson imp.

Vanquished Creatures
  2 leopard geckos (D:1)
  A giant cockroach (D:2)
  2 hobgoblins
  A jackal (D:1)
  A quokka (D:2)
  A bat (D:2)
  2 frilled lizards (D:2)
  3 kobolds
  2 rats
15 creatures vanquished.

Vanquished Creatures (collateral kills)
  A goblin (D:1)
  5 hobgoblins
  2 jackals (D:1)
  2 frilled lizards (D:1)
  A kobold (D:1)
11 creatures vanquished.

Grand Total: 26 creatures vanquished

Notes
Turn   | Place    | Note
-------+----------+-------------------------------------------
     0 | D:1      | Pizzadoos the Barachi Summoner began the quest for the Orb.
     0 | D:1      | Reached XP level 1. HP: 13/13 MP: 3/3
   717 | D:1      | Reached XP level 2. HP: 13/20 MP: 5/5
   721 | D:1      | Reached skill level 5 in Summonings
  1307 | D:1      | Learned a level 2 spell: Call Imp
  1744 | D:2      | Reached XP level 3. HP: 23/25 MP: 6/6
  1755 | D:2      | Reached skill level 1 in Fighting
  1782 | D:2      | Slain by a gnoll

Skill      XL: |  1  2  3 |
---------------+----------+-----
Summonings     | 5 |  5.0
Stealth        | 2 |  2.0
Fighting       | 1 |  1.0
Maces & Flails | |  0.8
Dodging        | |  2.6
Spellcasting   | |  2.4

Action                   || total
-------------------------++-------
Melee: Club              ||    35
       Unarmed           ||     7
       Mace              ||    46
 Cast: Summon Small Mamm ||    21
       Call Imp          ||     4
  Use: Scroll            ||     2
 Stab: Sleeping          ||     2
       Distracted        ||     1
  Eat: Chunk             ||     3
Armor: Robe              ||    25
       Leather armour    ||     7
Dodge: Dodged            ||    66
